 Dungeon Crawl Stone Soup version 0.21-a0-440-g28109cb (webtiles) character file.

86 Laiders the Shooter (level 4, 0/36 HPs)
             Began as a Centaur Hunter on Nov 10, 2017.
             Slain by a gnoll
             ... wielding a +0 halberd
              (8 damage)
             ... on level 3 of the Dungeon.
             The game lasted 00:06:21 (2016 turns).

Laiders the Shooter (Centaur Hunter)                Turns: 2016, Time: 00:06:22

Health: 0/36       AC:  7    Str: 12 (15) XL:     4   Next: 27%
Magic:  4/4        EV:  3    Int:  8 (10) God:
Gold:   55         SH:  0    Dex:  9 (10) Spells: 3/3 levels left

rFire    . . .     SeeInvis .   k - +2 short sword (drain)
rCold    . . .     Gourm    .   (no shield)
rNeg     . . .     Faith    .   n - +0 chain mail
rPois    .         Spirit   .   (no helmet)
rElec    .         Reflect  .   (no cloak)
rCorr    .         Harm     .   (no gloves)
MR       .....                  (no barding)
Stlth    ..........             (no amulet)
HPRegen  0.12/turn              (no ring)
MPRegen  0.09/turn              (no ring)

@: very quick
A: hooves 3, deformed body, speed 2, tough skin 3
a: no special abilities


You were on level 3 of the Dungeon.
You were hungry.

You visited 1 branch of the dungeon, and saw 3 of its levels.

You collected 55 gold pieces.

Inventory:

Hand Weapons
 a - a +1 shortbow
 k - a +2 short sword of draining (weapon)
Missiles
 d - 7 arrows
Armour
 n - a +0 chain mail (worn)
Scrolls
 b - a scroll of identify {unknown}
 c - a scroll of teleportation {unknown}
 e - 2 scrolls of recharging {unknown}
 m - a scroll of fear {unknown}
Potions
 g - 3 potions of curing {unknown}
 h - a potion of might {unknown}
 i - a potion of degeneration
 o - a potion of haste {unknown}
Comestibles
 f - 2 bread rations
 j - 3 meat rations
 l - 3 royal jellies


   Skills:
 - Level 2.0 Fighting
 + Level 7.7 Bows
 - Level 1.3 Dodging
 - Level 0.4 Stealth


You had 3 spell levels left.
You didn't know any spells.

Dungeon Overview and Level Annotations

Branches:
Dungeon (3/15)

Altars:
Qazlal
Xom


Innate Abilities, Weirdness & Mutations

You have hooves in place of feet.
Armour fits poorly on your strangely shaped body.
You cover ground very quickly.
You have extremely tough skin. (AC +3)


Message History

The gnoll is moderately wounded.
The gnoll hits you with a club. The gnoll barely misses you.
Your chain mail prevents you from hitting the gnoll.
The gnoll is moderately wounded.
The gnoll hits you with a club.
You barely miss the gnoll.
The gnoll is moderately wounded.
The gnoll barely misses you. The gnoll hits you with a club!
You hit the gnoll. You drain the gnoll!
You kill the gnoll!
The gnoll hits you from afar with a halberd.
* * * LOW HITPOINT WARNING * * *
You completely miss the gnoll. Your kick misses the gnoll.
The gnoll is lightly wounded.
The gnoll hits you but does no damage.
It was a potion of degeneration.
There was something very wrong with that liquid.
You feel weakened.
You feel dopey.
You feel clumsy.
The gnoll hits you from afar with a halberd!
You die...

# .# ##########
..#
#........###...#
#
#.........@gg..#
#
#.........##g..#
# #........##
..... #
#.....[..## ..#.
# #.........# .#
## #....####...#
.. .# #.....#
.### = .#
##...#.(...# .#
##..###......#


You could see 3 gnolls.

Vanquished Creatures
  A worker ant zombie (D:2)
  A gnoll (D:3)
  2 oozes (D:2)
  2 worms
  A dart slug (D:2)
  A leopard gecko (D:1)
  6 giant cockroaches
  2 goblins (D:1)
  4 hobgoblins
  3 jackals (D:2)
  6 kobolds
  A ball python (D:2)
  8 bats
  4 frilled lizards (D:2)
  4 rats
46 creatures vanquished.

Notes
Turn   | Place    | Note
-------+----------+-------------------------------------------
     0 | D:1      | Laiders the Centaur Hunter began the quest for the Orb.
     0 | D:1      | Reached XP level 1. HP: 17/17 MP: 1/1
   234 | D:1      | Reached XP level 2. HP: 22/24 MP: 2/2
   244 | D:1      | Reached skill level 6 in Bows
  1001 | D:2      | Reached XP level 3. HP: 29/29 MP: 3/3
  1224 | D:2      | Reached skill level 7 in Bows
  1283 | D:2      | Found a shimmering altar of Xom.
  1468 | D:2      | Reached XP level 4. HP: 36/36 MP: 4/4
  1970 | D:3      | Found a stormy altar of Qazlal.
  2016 | D:3      | Slain by a gnoll

Vault maps used:
D:1:      evilmike_arrival_rings
D:2:      xom_teletrap_fun
D:3:      grunt_qazlal_sundering, chequers_ecumenical_altar_simple, first_bread,
          minmay_misc_feat_room, kennysheep_flooded_box,
          nicolae_gozag_cash_rules_everything_around_me

Skill      XL: |  1  2  3 |
---------------+----------+-----
Bows           | 6 7 |  7.7
Fighting       | |  2.0
Dodging        | |  1.3
Stealth        | |  0.4

Action                   |  1- 3 |  4- 6 || total
-------------------------+-------+-------++-------
Melee: Short sword       |    24 |    20 ||    44
       Kick              |     7 |     1 ||     8
 Fire: Shortbow          |   122 |     7 ||   129
  Use: Potion            |       |     1 ||     1
  Eat: Chunk             |       |     1 ||     1
Armor: Leather armour    |    23 |       ||    23
       Chain mail        |     7 |     7 ||    14
       Ring mail         |     6 |       ||     6
Dodge: Dodged            |    37 |     5 ||    42

Table legend:
 A = Spawn XP
 B = Non-spawn XP
 C = Spawn XP percentage of total XP
 D = Spawn monster count
 E = Non-spawn monster count
 F = Spawn count percentage of total count
 G = Total turns spent on level
                    A         B        C        D         E        F      G
               +---------+---------+-------+---------+---------+-------+---------
         Total |       0 |     124 |   0.0 |       0 |      46 |   0.0 |  2016
               +---------+---------+-------+---------+---------+-------+---------
           D:1 |       0 |      33 |   0.0 |       0 |      19 |   0.0 |   933
           D:2 |       0 |      66 |   0.0 |       0 |      22 |   0.0 |   994
           D:3 |       0 |      25 |   0.0 |       0 |       5 |   0.0 |    89
               +---------+---------+-------+---------+---------+-------+---------
